 Dungeon Crawl Stone Soup version 0.29-a0-356-g7bc237e783 (webtiles) character file.

Game seed: 11599004256735562065

144 sammy202020 the Skirmisher (level 5, -5/79 HPs)
             Began as a Troll Fighter on Apr 27, 2022.
             Splashed by a jelly's acid (6 damage)
             ... on level 2 of the Dungeon.
             The game lasted 00:02:48 (1398 turns).

sammy202020 the Skirmisher (Troll Fighter)          Turns: 1398, Time: 00:02:49

Health: -5/79      AC:  6    Str: 24    XL:     5   Next: 5%
Magic:  4/4        EV:  1    Int:  6    God:
Gold:   108        SH:  7    Dex:  9    Spells: 4/4 levels left

rFire   . . .      SeeInvis .     - Unarmed
rCold   . . .      Faith    .   b - +0 kite shield
rNeg    . . .      Spirit   .   (body armour currently unavailable)
rPois   +          Reflect  .   (helmet currently unavailable)
rElec   .          Harm     .   (cloak currently unavailable)
rCorr   .          Rampage  .   (gloves unavailable)
Will    .....      NoTele   +   (boots unavailable)
Stlth   +.........              (no amulet)
HPRegen 1.03/turn               (no ring)
MPRegen 0.09/turn               (no ring)

@: brilliant, tree-form, corroded, attractive
A: stationary, stasis, torment immunity, boosted hp, large, unfitting armour,
(claws 3), regeneration 1, (shaggy fur 1), (tough skin 1)
a: no special abilities


You were on level 2 of the Dungeon.
You were a tree.
You visited 1 branch of the dungeon, and saw 2 of its levels.

You collected 108 gold pieces.

Inventory:

Hand Weapons
 e - a +0 club
Armour
 a - a +0 robe (melded)
 b - a +0 kite shield (worn)
 f - a +0 cloak (melded)
Scrolls
 g - a scroll of holy word {unknown}
 h - 2 scrolls of identify {unknown}
 i - a scroll of teleportation {unknown}
 l - 2 scrolls of amnesia {unknown}
Potions
 c - a potion of might


   Skills:
 * Level 3.3 Fighting
 + Level 1.2 Maces & Flails
 + Level 2.9 Dodging
 + Level 2.8 Shields
 * Level 3.1 Unarmed Combat


You had 4 spell levels left.
You didn't know any spells.
Your spell library contained the following spells:

 Spells                   Type           Power      Damage    Failure   Level
 Blink                    Tloc           0%         N/A       88%         2
 Lesser Beckoning         Tloc           0%         N/A       98%         3
 Manifold Assault         Tloc           0%         N/A       100%        5


Dungeon Overview and Level Annotations

Branches:
Dungeon (2/15)

Altars:


Innate Abilities, Weirdness & Mutations

You are a tree.
Your roots penetrate the ground, keeping you stationary.
You cannot be teleported.
You are immune to unholy pain and torment.
Your maximum health is greatly increased.
Your equipment is partially melded.
You are too large for most types of armour.
((You have claws for hands.))
Your natural rate of healing is unusually fast.
((You are covered in fur. (AC +1)))
((You have tough skin. (AC +1)))


Message History

The endoplasm freezes you.
You are frozen.
* * * LOW HITPOINT WARNING * * *
Sorry, you're not good enough to have a special ability.
You hit the endoplasm but do no damage. The endoplasm freezes you.
You are frozen.
* * * LOW HITPOINT WARNING * * *
You hit the endoplasm but do no damage. The endoplasm freezes you.
You are frozen.
* * * LOW HITPOINT WARNING * * *
You hit the endoplasm but do no damage.
The endoplasm hits you but does no damage.
You hit the endoplasm but do no damage. The endoplasm hits you.
* * * LOW HITPOINT WARNING * * *
You smack the endoplasm!
You kill the endoplasm!
You smack the endoplasm!
You kill the endoplasm!
The endoplasm jiggles.
It was a potion of brilliance.
You feel clever all of a sudden. The jelly hits you but does no damage.
You hit the jelly.
You kill the jelly!
You have reached level 5!
You hit the endoplasm.
The endoplasm is lightly wounded.
The endoplasm freezes you.
You are frozen.
* * * LOW HITPOINT WARNING * * *
You hit the endoplasm.
The endoplasm is heavily wounded.
You hit the jelly but do no damage.
Your branches burn!
* * * LOW HITPOINT WARNING * * *
The jelly hits you.
* * * LOW HITPOINT WARNING * * *
You are splashed with acid.
You die...

.........# ###########
.........# #...P.P..)#
#####..### #.P÷.÷....#
.........# #.P..JP...#
.........##.##....J÷...#
.........##.##÷J.JJJ...#
.........##.##JJJJJP...#
.........##.###J########
.........##.# ##♣.)...##
..........#.# ########.#
#########.#.# #....'..##
#...)...#.###....####
#..........##[......#
#........#.##.......#
#......).#.##.......#
#..........##.......#
#########..###..)))##


You could see a jelly and 3 endoplasms.

Vanquished Creatures
  A jelly (D:2)
  Natasha (D:2)
  A gnoll (D:1)
  2 adders (D:2)
  3 dart slugs
  7 endoplasms
  2 giant cockroaches (D:1)
  7 goblins
  4 hobgoblins
  12 kobolds
  A quokka (D:1)
  5 ball pythons
  3 bats
  2 frilled lizards
  7 rats
58 creatures vanquished.

Vanquished Creatures (others)
  5 fungi (D:2)
  7 toadstools (D:2)
12 creatures vanquished.

Grand Total: 70 creatures vanquished

Notes
Turn   | Place    | Note
-------+----------+-------------------------------------------
     0 | D:1      | sammy202020 the Troll Fighter began the quest for the Orb.
     0 | D:1      | Reached XP level 1. HP: 22/22 MP: 0/0
   235 | D:1      | Reached XP level 2. HP: 29/29 MP: 1/1
   512 | D:1      | Reached XP level 3. HP: 30/36 MP: 2/2
   785 | D:1      | Found a faded altar of an unknown god.
  1049 | D:2      | Reached XP level 4. HP: 41/45 MP: 3/3
  1074 | D:2      | Noticed Natasha
  1081 | D:2      | Killed Natasha
  1082 | D:2      | Reached skill level 1 in Maces & Flails
  1389 | D:2      | HP: 2/67 [frozen (3)]
  1396 | D:2      | Reached XP level 5. HP: 7/53 MP: 4/4
  1398 | D:2      | HP: 2/79 [acid (4)]
  1398 | D:2      | Splashed by a jelly's acid

Illustrated notes

Levels and vault maps discovered:
D:1:      dpeg_arrival_tiny_c, layout_basic, shapermc_ecumenical_altar_petra,
          minmay_small_reverse_x
D:2:      cheibrodos_fertilizer, layout_basic, st_stairs_11, uniq_natasha

Skill      XL: |  1  2  3  4 |
---------------+-------------+-----
Fighting       | 3 |  3.3
Maces & Flails | 1 |  1.2
Unarmed Combat | 3 |  3.1
Dodging        | |  2.9
Shields        | |  2.8

Action                   |  1- 3 |  4- 6 || total
-------------------------+-------+-------++-------
Melee: Unarmed           |   105 |    55 ||   160
  Use: Potion            |       |     3 ||     3
Armor: Robe              |    38 |    17 ||    55
       Skin              |       |     2 ||     2
Dodge: Dodged            |    33 |    22 ||    55
Block: Kite shield       |    33 |    19 ||    52

Table legend: (Time is in decaauts)
 A = Elapsed time spent in this place.
 B = Non-inter-level travel time spent in this place.
 C = Inter-level travel time spent in this place.
 D = Time resting spent in this place.
 E = Time spent auto-exploring this place.
 F = Levels seen in this place.
 G = Mean time per level.
                   A        B        C        D        E       F      G
               +--------+--------+--------+--------+--------+-----+--------+
         Total |   1412 |   1393 |     19 |      0 |   1042 |   2 |  706.0 |
       Dungeon |   1412 |   1393 |     19 |      0 |   1042 |   2 |  706.0 |
               +--------+--------+--------+--------+--------+-----+--------+

Top non-repeatable levels by time:
     D:1: 871 daAuts
     D:2: 540 daAuts
